AoeStats
← bigups

Arabia

510860872Analyzed
1v1 RM · 7h ago on Oct 2, 2026· 24m 14s· 2 players
Game mode
Random Map
Map size
Tiny (2 player)
Population
200
Speed
Normal
Resources
Standard
Victory
Conquest
Starting age
Dark Age
Ending age
Imperial Age
RankedLock teamsTeams togetherTeam positionsShared explorationLock speedFull tech treeHidden civsTurbo modeCheats
Victory
Defeat
🇦🇷 Burgundians · Argentina
912
+17
🇵🇭 Britons · Philippines
942
-32
Vagorr_
7:56 Loom
10:09 Feudal Age
15:49 Double-Bit Axe
19:20 Castle Age
17:42 Double-Bit Axe
17:38 Horse Collar
19:33 Cavalier
20:14 Husbandry
23:40 Scale Barding Armor
bigups
3:39 Loom
10:57 Feudal Age
11:44 Double-Bit Axe
23:14 Castle Age
23:17 Pikeman
Connection lost

Rejoining the realm…

Still unreachable

The connection could not be restored.

Session expired

The server has moved on; the page needs a fresh start.